 Dungeon Crawl Stone Soup version 0.32-a0-599-gba8f9cf90e (webtiles) character file.

Game seed: 8322795743678478322

590 runemasterragnar the Chopper (level 7, 0/53 HPs)
             Began as a Coglin Gladiator on Mar 2, 2024.
             Slain by a gnoll
             ... wielding a +0 halberd
             ... led by a gnoll bouda
              (12 damage)
             ... on level 5 of the Dungeon.
             The game lasted 00:05:55 (4395 turns).

runemasterragnar the Chopper (Coglin Gladiator)     Turns: 4395, Time: 00:05:56

Health: 0/53       AC:  7    Str: 17    XL:     7   Next: 39%
Magic:  7/7        EV: 12    Int: 11    God:
Gold:   105        SH:  0    Dex: 15    Spells: 6/6 levels left

rFire   . . .        s - +1 broad axe (freeze) {Qing}
rCold   + . .        h - +3 whip (drain) {Anneliese}
rNeg    . . .        u - +3 leather armour of Sif Muna's Generosity {rC+ Int+4}
rPois   .            l - +0 helmet
rElec   .            (no cloak)
rCorr   .            (no gloves)
SInv    .            (no boots)
Will    .....        (amulet unavailable)
Stlth   +            (ring unavailable)
HPRegen 0.28/turn    (ring unavailable)
MPRegen 0.10/turn    (no gizmo)

%: no passive effects
@: weakened, revving
A: off-hand wielding, slow wielding, warmup strikes, no jewellery
a: Invent Gizmo


You were on level 5 of the Dungeon.
You visited 1 branch of the dungeon, and saw 5 of its levels.

You collected 137 gold pieces.
You spent 32 gold pieces at shops.

Inventory:

Hand Weapons
 a - a +0 war axe {Chiraphon}
 h - a +3 whip of draining (offhand) {Anneliese}
 s - a +1 broad axe of freezing (weapon) {Qing}
Missiles
 d - 3 throwing nets (quivered)
 e - a javelin
 v - 3 boomerangs
Armour
 l - a +0 helmet (worn)
 m - a +0 ring mail
 u - the +3 leather armour of Sif Muna's Generosity (worn) {rC+ Int+4}
   (You took it off an orc wizard on level 5 of the Dungeon)

   Int+4:     It affects your intelligence (+4).
   rC+:       It protects you from cold.
Wands
 f - a wand of iceblast (10)
Scrolls
 i - a scroll of poison
 t - a scroll of identify
Potions
 b - a potion of brilliance {unknown}
 c - a potion of invisibility {unknown}
 g - a potion of ambrosia {unknown}
 j - a potion of haste {unknown}
 k - a potion of attraction {unknown}
 n - a potion of resistance
 o - 2 potions of degeneration
 p - a potion of mutation {unknown}
 q - 2 potions of heal wounds {unknown}
 r - 3 potions of curing {unknown}


   Skills:
 + Level 3.9 Fighting
 * Level 5.7 Axes
 + Level 3.5 Throwing
 - Level 2.7 Armour
 - Level 2.6 Dodging


You had 6 spell levels left.
You didn't know any spells.
Your spell library contained the following spells:

 Spells                   Type           Power      Damage    Failure   Level
 Sting                    Conj/Alch      0%         1d3       38%         1
 Lesser Beckoning         Tloc           0%         N/A       54%         2
 Mercury Vapours          Alch/Air       0%         N/A       54%         2
 Dazzling Flash           Conj/Hex       0%         N/A       77%         3
 Gell's Gravitas          Tloc           0%         N/A       77%         3
 Hailstorm                Conj/Ice       0%         3d5       77%         3
 Summon Ice Beast         Ice/Summ       0%         N/A       77%         3
 Teleport Other           Tloc           0%         N/A       77%         3
 Volatile Blastmotes      Fire/Tloc      0%         2d10      77%         3
 Olgreb's Toxic Radiance  Alch           0%         N/A       99%         4
 Sculpt Simulacrum        Ice/Alch       0%         N/A       100%        6
 Starburst                Conj/Fire      0%         6d3       100%        6
 Maxwell's Capacitive Co  Air            0%         ∞         100%        8


Dungeon Overview and Level Annotations

Branches:
Dungeon (5/15)
 Temple: D:4-7

Altars:
Ashenzari
Elyvilon
Sif Muna
Trog
Uskayaw

Shops:
D:2 *   D:3 (**

Annotations:
D:4 2 transporters, DeathSocks's ghost, amateur MDSu


Innate Abilities, Weirdness & Mutations

You can wield a second weapon in your off-hand.
It takes a long time for you to wield or remove held weapons.
Your first few attacks do less damage.
You cannot equip rings or amulets.


Message History

You barely miss the gnoll bouda with your +1 broad axe of freezing.
You hit the gnoll with your +1 broad axe of freezing.
You freeze the gnoll.
You closely miss the gnoll with your +1 broad axe of freezing.
You hit the gnoll with your +3 whip of draining.
You drain the gnoll.
Your attacks no longer feel as feeble.
The gnoll bouda barks out a call to the hunt!
The gnoll picks up the pace!
The gnoll hits you but does no damage. The gnoll barely misses you. x2
The gnoll closely misses you.
The gnoll bouda hits you with a +0 whip!
The gnoll misses you.
Unknown command.
You closely miss the gnoll with your +1 broad axe of freezing.
The gnoll is almost dead.
You slash the gnoll with your +1 broad axe of freezing!
You freeze the gnoll.
You kill the gnoll!
You barely miss the gnoll bouda with your +1 broad axe of freezing.
You hit the gnoll with your +1 broad axe of freezing.
You freeze the gnoll.
You kill the gnoll!
You hit the gnoll with your +3 whip of draining.
You kill the gnoll!
The gnoll hits you from afar with a +0 halberd!
The gnoll bouda hits you with a +0 whip!
Unknown command.
The gnoll attacks as it pursues you!
The gnoll hits you from afar with a +0 halberd!
* * * LOW HITPOINT WARNING * * *
The gnoll bouda attacks as it pursues you!
The gnoll bouda hits you with a +0 whip.
* * * LOW HITPOINT WARNING * * *
The gnoll bouda gazes fiercely through you!
You feel your attacks grow feeble.
There is a stone staircase leading up, spattered with blood here.
You see here a +0 club.
The gnoll hits you from afar with a +0 halberd!
You die...

........... #..........
.......... # #.........
##.###.)..^....
................
................ .##
................
.....##.####@........
......## #.g.g........
~.......###.#.[##......
.~.........)#.......$..
~..........))##.....##
..?.......).......##
~..................#
##...............#
..####.......>......#


You could see a gnoll bouda and a gnoll (swift).

Vanquished Creatures
  A scorpion (D:4)
  A bombardier beetle (D:4)
  5 orc priests
  A hound (D:5)
  A jelly (D:4)
  Ijyb (D:3)
  3 orc wizards
  3 adders (D:4)
  4 gnolls (D:5)
  3 dart slugs
  4 ribbon worms (D:2)
  17 orcs
  5 bats
  6 endoplasms
  5 giant cockroaches
  6 goblins
  11 hobgoblins
  3 kobolds
  5 quokkas
  10 ball pythons
  2 frilled lizards (D:1)
  4 rats (D:2)
101 creatures vanquished.

Notes
Turn   | Place    | Note
-------+----------+-------------------------------------------
     0 | D:1      | runemasterragnar the Coglin Gladiator began the quest for
                  | the Orb.
     0 | D:1      | Reached XP level 1. HP: 16/16 MP: 1/1
    87 | D:1      | Reached XP level 2. HP: 22/22 MP: 2/2
   311 | D:1      | Reached XP level 3. HP: 27/27 MP: 3/3
   869 | D:2      | Reached skill level 1 in Armour
  1037 | D:2      | Found Xadocell's Assorted Antiques.
  1153 | D:2      | Reached XP level 4. HP: 34/34 MP: 4/4
  1360 | D:2      | Bought 2 bubbling red potions for 32 gold pieces
  1398 | D:3      | Found Woengyul's Weapon Emporium.
  1430 | D:3      | Reached skill level 4 in Axes
  1521 | D:3      | Found a broken altar of Ashenzari.
  1525 | D:3      | Saw a vision of the Swamp and the Snake Pit.
  1525 | D:3      | Noticed a black mamba
  1525 | D:3      | Noticed a black mamba
  1525 | D:3      | Noticed a naga sharpshooter
  1525 | D:3      | Noticed a naga ritualist
  1527 | D:3      | Noticed a goliath frog
  1528 | D:3      | Noticed a naga
  1528 | D:3      | Noticed a five-headed hydra
  1529 | D:3      | Noticed a naga mage
  1564 | D:3      | Found Jotzasong's Assorted Antiques.
  1593 | D:3      | Found Peusacry's General Store.
  1628 | D:3      | Reached XP level 5. HP: 40/40 MP: 5/5
  1629 | D:3      | Noticed Ijyb
  1641 | D:3      | Killed Ijyb
  1762 | D:3      | Found Gezxoax's Antique Weapon Boutique.
  1832 | D:3      | Found a bloodstained altar of Trog.
  2090 | D:3      | Found a shimmering blue altar of Sif Muna.
  2479 | D:4      | Found a white marble altar of Elyvilon.
  2511 | D:4      | Reached XP level 6. HP: 41/47 MP: 6/6
  2568 | D:4      | Identified the +8 trident of the Heavens {chaos, rElec
                  | rCorr Str+3 Dex-3}
  2581 | D:4      | Reached skill level 5 in Axes
  2824 | D:4      | Identified a scroll of acquirement
  2824 | D:4      | Acquired a +1 broad axe of freezing
  2844 | D:4      | Found a transporter.
  2845 | D:4      | Found a transporter.
  2916 | D:4      | Found a hide-covered altar of Uskayaw.
  3178 | D:4      | Noticed DeathSocks's ghost (amateur MDSu)
  3242 | D:5      | Entered Level 5 of the Dungeon
  3701 | D:5      | Reached XP level 7. HP: 49/52 MP: 7/7
  3709 | D:5      | Identified the +3 leather armour of Sif Muna's Generosity
                  | {rC+ Int+4}
  4061 | D:5      | HP: 1/53 [orc wizard/+0 dagger (4)]
  4395 | D:5      | Slain by a gnoll

Illustrated notes

Levels and vault maps discovered:
D:1:      spicycebolla_green_bress_n_ham_2, layout_loops_ring, serial_glass,
          glass_columns_a, glass_columns_b
D:2:      layout_rooms, serial_shops, nicolae_shop_tiny_waterfront,
          minmay_misc_feat_roman
D:3:      layout_basic, nicolae_sif_muna_little_library,
          grunt_ashenzari_visionary [grunt_ashenzari_visionary_swamp,
          grunt_ashenzari_visionary_snake], mainiacjoe_overflow_24_doors,
          serial_shops, nicolae_shop_advertising_works
          [nicolae_subvault_shop_adworks], shop_statue, shop, shop, uniq_ijyb
D:4:      layout_layer_cave, elyvilon_altar_1,
          mainiacjoe_overflow_small_starburst, portal_sewer_entry_d,
          gammafunk_ghost_gnarly_gnolls
D:5:      layout_cave_pools, nicolae_overflow_crystal_walls,
          nemelex_xobeh_ov_fountains_minmay, minmay_temple_entry_large_hall,
          serial_rivers, chequers_serial_rivers_marsh,
          chequers_serial_rivers_small_a, chequers_serial_rivers_micro_d,
          chequers_serial_rivers_marsh, chequers_serial_rivers_micro_e,
          uniq_menkaure

Skill      XL: |  1  2  3  4  5  6 |
---------------+-------------------+-----
Throwing       | 2 3 |  3.5
Armour         | 1 2 |  2.7
Axes           | 4 5 |  5.7
Fighting       | 3 |  3.9
Dodging        | |  2.6

Action                     |  1- 3 |  4- 6 |  7- 9 || total
---------------------------+-------+-------+-------++-------
  Melee: War axe           |    48 |    69 |       ||   117
         Dagger            |     7 |       |       ||     7
         Whip              |    39 |    77 |    24 ||   140
         Broad axe         |       |    11 |    24 ||    35
    Use: Scroll            |     1 |     4 |       ||     5
         Potion            |       |     1 |       ||     1
   Stab: Sleeping          |     2 |       |       ||     2
 Armour: Leather armour    |    17 |       |    11 ||    28
         Ring mail         |    18 |    62 |    10 ||    90
  Dodge: Dodged            |    34 |    44 |    22 ||   100

Table legend: (Time is in decaauts)
 A = Elapsed time spent in this place.
 B = Non-inter-level travel time spent in this place.
 C = Inter-level travel time spent in this place.
 D = Time resting spent in this place.
 E = Time spent auto-exploring this place.
 F = Levels seen in this place.
 G = Mean time per level.
                   A        B        C        D        E       F      G
               +--------+--------+--------+--------+--------+-----+--------+
         Total |   4430 |   4136 |    294 |    897 |   2470 |   5 |  886.0 |
       Dungeon |   4430 |   4136 |    294 |    897 |   2470 |   5 |  886.0 |
               +--------+--------+--------+--------+--------+-----+--------+

Top non-repeatable levels by time:
     D:4: 1840 daAuts
     D:3: 1100 daAuts
     D:1: 847 daAuts
     D:2: 551 daAuts
     D:5: 90 daAuts
